 Dungeon Crawl Stone Soup version 0.20.0-15-g7f486f2 (webtiles) character file.

19093 Monsterracer the Grappler (level 12, -4/118 HPs)
             Began as a Troll Monk on June 18, 2017.
             Was a High Priest of Ru.
             Slain by a crocodile (7 damage)
             ... on level 3 of the Lair of Beasts.
             The game lasted 00:33:43 (11635 turns).

Monsterracer the Grappler (Troll Monk)             Turns: 11635, Time: 00:33:43

Health: -4/118     AC: 12    Str: 22    XL:     12   Next: 33%
Magic:  11/11      EV:  1    Int: 13    God:    Ru [*****.]
Gold:   680        SH:  0    Dex: 16    Spells: 11/11 levels left

rFire    . . .     SeeInvis .     - Unarmed
rCold    . . .     Gourm    +   A - +4 shield "Keinlig" {rF- Int+5}
rNeg     + + +     Faith    .   y - +2 troll leather armour
rPois    ∞         Spirit   .   (helmet restricted)
rElec    .         Reflect  +   s - +2 cloak
rCorr    +         Harm     .   (gloves unavailable)
MR       .....                  (boots unavailable)
Stlth    ..........             l - +2 amulet of reflection
Regen    1.1/turn               t - ring of poison resistance
MPRegen  0.2/turn               D - ring of resist corrosion

@: lethally poisoned (-4 -> -4), exhausted, petrified, drained
A: unfitting armour, claws 3, large bone plates 1, clever 1, fire resistance 1,
fast metabolism 3, gourmand, regeneration 1, shaggy fur 1, tough skin 2,
evolution 2, no stealth, inability to use devices, hated by all, no conjurations
magic, no fire magic, no necromancy magic
a: Draw Out Power, Power Leap, Apocalypse, Renounce Religion


You were on level 3 of the Lair of Beasts.
You worshipped Ru.
Ru was extremely pleased with you.
You were very full.

You visited 3 branches of the dungeon, and saw 14 of its levels.
You also visited: Labyrinth.

You collected 940 gold pieces.
You spent 260 gold pieces at shops.

Inventory:

Missiles
 i - 5 tomahawks (quivered)
 k - a throwing net
 u - 2 silver tomahawks
Armour
 a - a +0 large shield
 s - a +2 cloak (worn)
 y - a +2 troll leather armour (worn)
 A - the +4 shield "Keinlig" (worn) {rF- Int+5}
   (You found it in a labyrinth)

   It affects your intelligence (+5).
   It makes you vulnerable to fire.
 E - +1 ice dragon scales
Jewellery
 l - a +2 amulet of reflection (around neck)
 t - a ring of poison resistance (left claw)
 D - a ring of resist corrosion (right claw)
Scrolls
 e - 2 scrolls of magic mapping
 h - 6 scrolls of identify
 m - 8 scrolls of remove curse
 n - a scroll of teleportation
 v - a scroll of blinking
 x - a scroll of fear
 B - a scroll of fog
Potions
 f - 2 potions of flight
 g - 8 potions of curing
 o - 4 potions of heal wounds
 p - a potion of magic
 q - 2 potions of ambrosia
 r - 3 potions of might
 w - 2 potions of agility
 z - 2 potions of mutation
 C - a potion of haste
Comestibles
 b - 10 bread rations
 c - 13 fruits
 d - 13 royal jellies
 j - 9 meat rations
 F - 6 chunks of flesh


   Skills:
 + Level 7.3(6.8) Fighting
 + Level 6.4(6.0) Throwing
 + Level 7.6(7.2) Dodging
 + Level 3.5(3.1) Shields
 * Level 14.3(13.8) Unarmed Combat


You had 11 spell levels left.
You didn't know any spells.

Dungeon Overview and Level Annotations

Branches:
Dungeon (10/15)            Temple (1/1) D:5            Lair (3/6) D:9
 Spider (0/4) Lair:2
  Swamp: Lair:2-4    Shoals: Lair:2-4       Orc: D:9-12

Altars:
Ashenzari
Cheibriados
Dithmenos
Elyvilon
Fedhas
Gozag
Hepliaklqana
Kikubaaqudgha
Makhleb
Nemelex Xobeh
Okawaru
Qazlal
Ru
Sif Muna
Trog
Uskayaw
Vehumet
Xom
Yredelemnul
Zin
The Shining One

Shops:
D:4 =   D:9 (   D:10 [

Annotations:
Lair:1 exclusion: 2 oklob plants


Innate Abilities, Weirdness & Mutations

You are too large for most types of armour.
You have claws for hands.
Your metabolism is lightning-fast.
You like to eat raw meat.
Your natural rate of healing is unusually fast.
You are covered in fur. (AC +1)
You have very tough skin. (AC +2)
You cannot be stealthy.
You cannot study or use magical devices.
You are hated by all.
You cannot study or cast Conjurations magic.
You cannot study or cast Fire magic.
You cannot study or cast Necromancy magic.
You are partially covered in large bone plates. (SH +4)
Your mind is acute. (Int +2)
Your flesh is heat resistant. (rF+)
You rapidly evolve.


Message History

Some of the chunks of flesh in your inventory have rotted away.
The crocodile is no longer blind.
The water moccasin bites you. The crocodile bites you.
* * * LOW HITPOINT WARNING * * *
The basilisk bites you but does no damage.
The spiny frog stings you!
* * * LOW HITPOINT WARNING * * *
The water moccasin bites you.
* * * LOW HITPOINT WARNING * * *
The crocodile bites you but does no damage.
The basilisk gazes at you. You resist with some effort.
The spiny frog stings you!
* * * LOW HITPOINT WARNING * * *
The water moccasin bites you!
* * * LOW HITPOINT WARNING * * *
The water moccasin bites you but does no damage.
The spiny frog stings you!
* * * LOW HITPOINT WARNING * * *
The crocodile bites you!
You die...

..........# ....
...........# ....
...........#
....P ..#..#....#
.....###..PP.#..#
..............#.#
.........#......#
......lS#.......#
......F@........#
......t.........#
................#
................#
#..######.###..##
## ### ####


You could see a spiny frog, a basilisk, a water moccasin and a crocodile.

Vanquished Creatures
  A minotaur (Lab)
  3 hydras
  2 two-headed ogres
  The ghost of Zleub the Spear-Bearer, a novice MfSk of Okawaru (D:10)
  The ghost of Quirk the Slasher, a novice DsFi of Okawaru (D:6)
  A black mamba (Lair:1)
  3 spiny frogs (Lair:1)
  The ghost of Quirk the Slasher, a novice DsFi (D:4)
  A torpor snail (Lair:3)
  A rime drake (Lair:2)
  A centaur skeleton (D:10)
  2 komodo dragons
  A queen bee (D:8)
  A troll (D:10)
  A polar bear (Lair:3)
  9 blink frogs
  2 hippogriffs
  3 redbacks
  4 yaks (Lair:3)
  Eustachio (D:6)
  3 basilisks
  6 water moccasins
  Duvessa (D:7)
  4 porcupines
  4 ice beasts
  A sky beast (D:9)
  3 orc warriors
  A hornet zombie (D:8)
  3 black bears
  2 ogres (D:5)
  5 centaurs
  5 crocodiles
  3 big kobolds
  7 bullfrogs
  Dowan (D:7)
  5 scorpions
  21 killer bees (D:8)
  4 electric eels
  5 crimson imps
  6 howler monkeys
  A centaur zombie (D:5)
  7 hounds
  5 jellies
  5 orc priests
  9 orc wizards
  Crazy Yiuf (D:6)
  2 bullfrog skeletons (D:10)
  3 iguanas
  6 worker ants
  A hound skeleton (D:6)
  2 hound zombies
  A worker ant zombie (D:5)
  7 gnolls
  3 howler monkey skeletons
  7 adders
  3 shadow imps
  An ooze (D:5)
  An adder zombie (D:5)
  4 worms
  2 dart slugs
  4 leopard geckos
  32 orcs
  9 bats
  6 giant cockroaches
  5 goblins
  7 hobgoblins
  3 jackals (D:2)
  4 quokkas
  2 ball pythons
  4 frilled lizards
  A giant cockroach zombie (D:5)
  A jackal skeleton (D:7)
  22 kobolds
  13 rats
  2 fungi
316 creatures vanquished.

Vanquished Creatures (others)
  A blink frog (Lair:2)
  A kobold (D:9)
  A fungus (Lair:2)
  A plant (Lair:1)
4 creatures vanquished.

Grand Total: 320 creatures vanquished

Notes
Turn   | Place    | Note
-------+----------+-------------------------------------------
     0 | D:1      | Monsterracer the Troll Monk began the quest for the Orb.
     0 | D:1      | Reached XP level 1. HP: 22/22 MP: 0/0
   441 | D:1      | Reached XP level 2. HP: 29/29 MP: 1/1
   480 | D:1      | Gained mutation: You have large cloven feet. [potion of mutation]
   480 | D:1      | Gained mutation: Scrolls take you a little longer to read. [potion of mutation]
   480 | D:1      | Gained mutation: Your flesh is heat resistant. (rF+) [potion of mutation]
   480 | D:1      | Gained mutation: You have a pair of small antennae on your head. [potion of mutation]
   657 | D:2      | Reached skill level 4 in Unarmed Combat
   821 | D:2      | Reached XP level 3. HP: 36/36 MP: 2/2
   890 | D:2      | Found a shattered altar of Ashenzari.
   940 | D:2      | Reached XP level 4. HP: 44/44 MP: 3/3
  1088 | D:2      | Reached skill level 5 in Unarmed Combat
  1522 | D:3      | Found a faded altar of an unknown god.
  1533 | D:3      | Lost mutation: You have a pair of small antennae on your head. [potion of mutation]
  1533 | D:3      | Lost mutation: Scrolls take you a little longer to read. [potion of mutation]
  1533 | D:3      | Lost mutation: You have large cloven feet. [potion of mutation]
  1533 | D:3      | Lost mutation: Your flesh is heat resistant. (rF+) [potion of mutation]
  1533 | D:3      | Gained mutation: Potions are less effective at restoring your health. [potion of mutation]
  1533 | D:3      | Gained mutation: You are frail. (-10% HP) [potion of mutation]
  1533 | D:3      | Gained mutation: Your flesh is heat resistant. (rF+) [potion of mutation]
  1533 | D:3      | Gained mutation: You are partially covered in large bone plates. (SH +4) [potion of mutation]
  2328 | D:4      | Reached XP level 5. HP: 36/45 MP: 4/4
  2347 | D:4      | Found a stormy altar of Qazlal.
  2351 | D:4      | Noticed a centaur
  2351 | D:4      | Noticed Quirk's ghost (novice DsFi)
  2357 | D:4      | Killed Quirk's ghost
  2357 | D:4      | Reached skill level 7 in Unarmed Combat
  2357 | D:4      | Reached XP level 6. HP: 53/53 MP: 5/5
  2364 | D:4      | Reached skill level 8 in Unarmed Combat
  2364 | D:4      | Reached XP level 7. HP: 41/59 MP: 6/6
  2413 | D:4      | Found an opulent altar of Gozag.
  2773 | D:4      | Found Wock's Jewellery Shoppe.
  3191 | D:5      | Entered Level 5 of the Dungeon
  3230 | D:5      | Found a staircase to the Ecumenical Temple.
  3284 | D:5      | Reached skill level 9 in Unarmed Combat
  3321 | Temple   | Entered the Ecumenical Temple
  3356 | Temple   | Became a worshipper of Ru the Awakened
  3365 | Temple   | Gained mutation: You cannot study or use magical devices. [Ru sacrifice]
  3365 | Temple   | Reached * piety under Ru
  3365 | Temple   | Reached ** piety under Ru
  3574 | D:5      | Found a sparkling altar of Nemelex Xobeh.
  3594 | D:5      | Reached XP level 8. HP: 43/66 MP: 7/7
  3854 | D:5      | Found a shimmering altar of Xom.
  3877 | D:5      | Lost mutation: You are frail. (-10% HP) [potion of mutation]
  3877 | D:5      | Lost mutation: Potions are less effective at restoring your health. [potion of mutation]
  3877 | D:5      | Gained mutation: You evolve. [potion of mutation]
  3877 | D:5      | Gained mutation: Your body sometimes deteriorates upon taking damage. [potion of mutation]
  3877 | D:5      | Gained mutation: You rapidly evolve. [potion of mutation]
  4124 | D:5      | Reached skill level 10 in Unarmed Combat
  4195 | D:6      | Noticed Quirk's ghost (novice DsFi)
  4363 | D:6      | Found a basalt altar of Yredelemnul.
  4363 | D:6      | Found a glowing silver altar of Zin.
  4630 | D:6      | Noticed Eustachio
  4638 | D:6      | Killed Eustachio
  4652 | D:6      | Found a runed door.
  4764 | D:6      | Reached XP level 9. HP: 84/84 MP: 8/8
  4803 | D:6      | Killed Quirk's ghost
  4803 | D:6      | Reached skill level 11 in Unarmed Combat
  5163 | D:6      | Noticed Crazy Yiuf
  5177 | D:6      | Killed Crazy Yiuf
  5259 | D:7      | Found a radiant altar of Vehumet.
  5267 | D:7      | Reached skill level 1 in Throwing
  5286 | D:7      | Gained mutation: You cannot study or cast Fire magic. [Ru sacrifice]
  5286 | D:7      | Gained mutation: You cannot study or cast Necromancy magic. [Ru sacrifice]
  5286 | D:7      | Gained mutation: You cannot study or cast Conjurations magic. [Ru sacrifice]
  5286 | D:7      | Reached *** piety under Ru
  5449 | D:7      | Noticed Duvessa
  5451 | D:7      | Noticed Dowan
  5468 | D:7      | Killed Duvessa
  5474 | D:7      | Killed Dowan
  6122 | D:4      | Bought an uncursed ring of poison resistance for 260 gold pieces
  6304 | D:8      | Noticed a queen bee
  6402 | D:8      | Reached skill level 5 in Dodging
  6403 | D:8      | Found a hazy altar of Hepliaklqana.
  6457 | D:8      | Reached skill level 5 in Fighting
  6550 | D:8      | Reached XP level 10. HP: 95/96 MP: 9/9
  6800 | D:8      | Reached skill level 12 in Unarmed Combat
  7199 | D:8      | Gained mutation: You cannot be stealthy. [Ru sacrifice]
  7199 | D:8      | Reached **** piety under Ru
  7257 | D:9      | Found a transporter.
  7265 | D:9      | Noticed a two-headed ogre
  7274 | D:9      | Killed a two-headed ogre
  7507 | D:9      | Found a transporter.
  7666 | D:9      | Found a staircase to the Lair.
  7733 | D:9      | Found Xiwugigg's Antique Weapon Shoppe.
  8214 | D:10     | Entered Level 10 of the Dungeon
  8353 | D:10     | Gained mutation: Your mind is acute. (Int +2) [evolution]
  8394 | D:10     | Found Wuaceule's Armour Emporium.
  8551 | D:10     | Noticed Zleub's ghost (novice MfSk)
  8574 | D:10     | Killed Zleub's ghost
  8574 | D:10     | Reached skill level 13 in Unarmed Combat
  8574 | D:10     | Reached XP level 11. HP: 90/105 MP: 10/10
  8596 | D:10     | Gained mutation: You are hated by all. [Ru sacrifice]
  8596 | D:10     | Reached ***** piety under Ru
  8643 | D:10     | Noticed a two-headed ogre
  8653 | D:10     | Killed a two-headed ogre
  9042 | Lair:1   | Entered Level 1 of the Lair of Beasts
  9151 | Lair:1   | Reached skill level 5 in Throwing
  9173 | Lair:1   | Reached skill level 1 in Shields
  9420 | Lair:1   | Noticed an oklob plant
  9463 | Lair:1   | Noticed an oklob plant
  9474 | Lair:1   | Identified the Papyrus of Slime
  9817 | Lair:1   | You fall through a shaft!
  9885 | Lair:2   | Noticed an eight-headed hydra
  9892 | Lair:2   | Killed an 11-headed hydra
  9919 | Lair:2   | Found a labyrinth entrance.
  9919 | Lair:2   | Noticed a five-headed hydra
  9943 | Lair:2   | Killed a 14-headed hydra
  9993 | Lab      | Entered a labyrinth
 10316 | Lab      | Found an exit through the horrors of the Abyss.
 10376 | Lab      | Noticed a minotaur
 10383 | Lab      | Killed a minotaur
 10392 | Lab      | Identified the Tome of Warped Moulding
 10399 | Lab      | Got a distressingly furry shield
 10408 | Lab      | Identified the +4 shield "Keinlig" {rF- Int+5} (You found it in a labyrinth)
 10456 | Lair:2   | Found a hole to the Spider Nest.
 10653 | Lair:2   | Lost mutation: Your body sometimes deteriorates upon taking damage. [evolution]
 10768 | Lair:2   | Reached XP level 12. HP: 112/115 MP: 11/11
 11189 | Lair:3   | Reached skill level 14 in Unarmed Combat
 11241 | Lair:3   | Noticed a seven-headed hydra
 11247 | Lair:3   | Killed a seven-headed hydra
 11635 | Lair:3   | HP: 3/118 [spiny frog (5)]
 11635 | Lair:3   | Slain by a crocodile

Skill      XL: |  1  2  3  4  5  6  7  8  9 10 11 12 |
---------------+-------------------------------------+-----
Unarmed Combat | 4 5 7 8 9 10 11 13 14 | 14.3
Dodging        | 4 5 6 7 |  7.6
Fighting       | 4 5 6 7 |  7.3
Throwing       | 2 4 6 |  6.4
Stealth        | 0 |  0.0
Shields        | 3 |  3.5

Action                   |  1- 3 |  4- 6 |  7- 9 | 10-12 || total
-------------------------+-------+-------+-------+-------++-------
Melee: Unarmed           |   109 |    94 |   345 |   490 ||  1038
       Kick              |    11 |    10 |       |       ||    21
       Punch             |       |       |    19 |    14 ||    33
Throw: Tomahawk          |       |       |     1 |    15 ||    16
Invok: Sacrifice Artific |       |       |     1 |       ||     1
       Draw Out Power    |       |       |     1 |     2 ||     3
       Sacrifice Arcana  |       |       |     1 |       ||     1
       Sacrifice Stealth |       |       |       |     1 ||     1
       Apocalypse        |       |       |       |     3 ||     3
       Sacrifice Love    |       |       |       |     1 ||     1
       Reject Sacrifices |       |       |       |     1 ||     1
       Power Leap        |       |       |       |     1 ||     1
  Use: Potion            |     8 |     4 |     3 |     2 ||    17
       Scroll            |     6 |     4 |     7 |     8 ||    25
 Stab: Sleeping          |       |     2 |     5 |       ||     7
       Invisible         |       |       |     2 |     4 ||     6
       Paralysed         |       |       |       |     4 ||     4
       Distracted        |       |       |       |     2 ||     2
  Eat: Chunk             |     9 |    13 |    39 |    50 ||   111
Armor: Robe              |    61 |    24 |    76 |    41 ||   202
       Troll leather arm |       |       |       |    71 ||    71
Dodge: Dodged            |    75 |    24 |   165 |   190 ||   454
       Deflected         |     1 |     1 |     2 |       ||     4
Block: Other             |       |     6 |    49 |    44 ||    99
       Shield            |       |       |       |    99 ||    99
